Map: Polka LE

Players

angepissst - Winner!

  • Race: Terran Terran
  • League: Diamond
  • Spawn Location: 11:00

gammaray - Winner!

  • Race: Protoss Protoss
  • Spawn Location: 11:00

qqq

  • Race: Zerg Zerg
  • League: Platinum
  • Spawn Location: 5:00

Massa

  • Race: Terran Terran
  • League: Platinum
  • Spawn Location: 5:00

VOD

Have the link to the VOD?

Description

Time

  • Played on: Nov. 22, 2020, 9:31 a.m.
  • Length: 7:29
Show
View Real Time Build Order
Export as new Build Order

angepissst Terran - Winner!

Build Orders:  

Get SALT Encoding   

  12  0:02  SCV  
  13  0:16  SCV  
  13  0:20  Supply Depot  
  14  0:28  SCV  
  15  0:40  Refinery  
  15  0:42  SCV  
  16  0:54  SCV  
  17  1:08  SCV  
  18  1:20  SCV  
  18  1:23  Barracks  
  18  1:24  Barracks  
  19  1:32  Barracks  
  19  1:45  SCV  
  20  1:57  SCV  
  21  2:06  Supply Depot  
  21  2:11  Reaper  
  21  2:13  Reaper  
  23  2:19  Orbital Command  
  23  2:36  Refinery  
  23  2:43  Reaper  
  24  2:45  SCV, Reaper  
  26  3:21  Reaper  
  26  3:22  Reaper  
  28  3:52  Command Center  
  10  5:02  Reaper x2  
  10  5:05  Engineering Bay  
  12  5:07  SCV  
  12  5:12  Marine  
  14  5:15  SCV  
  14  5:19  SCV  
  17  5:30  Marine  
  17  5:31  SCV, Planetary Fortress  
  17  5:34  Reaper  
  17  5:35  Refinery  
  19  5:39  Reaper  
  20  5:43  SCV  
  20  5:48  Marine  
  21  5:55  SCV  
  22  6:00  Factory  
  22  6:06  Reaper, Marine  
  22  6:08  SCV  
  22  6:11  Reaper  
  26  6:20  SCV  
  26  6:24  Marine  
  28  6:32  SCV  
  29  6:44  SCV  
Show
View Real Time Build Order
Export as new Build Order

gammaray Protoss - Winner!

Build Orders: 1 Gate Expand, Nexus First, Mass Adepts, Zealot Archon 

Get SALT Encoding   

  12  0:00  Probe  
  13  0:12  Probe  
  14  0:19  Pylon  
  14  0:24  Probe  
  15  0:37  Probe  
  15  0:38  Gateway  
  16  1:05  Nexus  
  16  1:08  Probe  
  17  1:16  Assimilator  
  17  1:27  Cybernetics Core  
  17  1:28  Probe (Chrono Boost)  
  18  1:37  Probe (Chrono Boost)  
  19  1:42  Probe (Chrono Boost), Gateway  
  20  1:55  Assimilator  
  20  2:03  Adept  
  23  2:09  Probe (Chrono Boost)  
  23  2:14  Warp Gate (Chrono Boost)  
  23  2:18  Probe (Chrono Boost)  
  25  2:26  Probe (Chrono Boost)  
  25  2:27  Probe (Chrono Boost)  
  26  2:30  Adept  
  26  2:33  Probe  
  26  2:34  Probe  
  30  2:40  Sentry  
  32  2:45  Probe  
  32  2:46  Probe  
  32  2:50  Pylon  
  34  2:55  Pylon  
  34  2:57  Probe  
  35  3:02  Probe  
  35  3:03  Adept  
  38  3:09  Probe  
  38  3:10  Gateway  
  39  3:15  Shield Battery  
  39  3:19  Sentry  
  41  3:22  Shield Battery  
  42  3:27  Probe x2  
  43  3:35  Twilight Council  
  43  3:44  Pylon  
  43  3:49  Assimilator  
  43  3:52  Probe x2  
  45  3:58  Adept x2  
  49  4:04  Probe x2  
  51  4:10  Robotics Facility  
  51  4:20  Adept x3  
  55  4:41  Adept x3  
  59  4:54  Charge (Chrono Boost)  
  59  4:58  Pylon x2  
  59  5:01  Pylon  
  59  5:04  Assimilator  
  59  5:08  Templar Archives  
  59  5:09  Probe  
  59  5:10  Probe  
  61  5:16  Immortal  
  65  5:22  Probe  
  65  5:23  Probe, Shield Battery  
  67  5:30  Gateway  
  67  5:34  Probe  
  68  5:35  Probe  
  68  5:38  Gateway  
  68  5:40  Gateway  
  69  5:46  Probe  
  69  5:48  Probe  
  71  5:58  Probe, Zealot x2  
  71  6:00  Probe  
  77  6:09  Pylon  
  77  6:10  Probe  
  77  6:11  Warp Prism (Chrono Boost)  
  80  6:21  High Templar x2  
  84  6:27  High Templar x2  
  84  6:29  Archon  
  84  6:31  Archon  
  88  6:39  Zealot x2  
  92  6:49  Forge  
  90  7:16  Stalker x2  
  94  7:22  Pylon  
  94  7:23  Pylon  
  94  7:24  Pylon  
  94  7:25  Pylon  
Show
View Real Time Build Order
Export as new Build Order

qqq Zerg 

Build Orders: Hatch First 

Get SALT Encoding   

  12  0:01  Drone  
  13  0:15  Drone  
  14  0:26  Overlord  
  14  0:46  Hatchery  
  13  0:52  Drone  
  13  0:53  Drone  
  13  0:55  Drone  
  17  1:04  Drone  
  17  1:17  Spawning Pool  
  16  1:21  Drone  
  17  1:25  Extractor  
  17  1:32  Drone  
  17  1:43  Drone  
  18  2:03  Drone  
  18  2:04  Drone, Queen  
  18  2:07  Queen  
  23  2:08  Drone  
  23  2:11  Overlord  
  23  2:12  Drone  
  25  2:19  Zergling x2  
  25  2:21  Drone  
  27  2:29  Zergling x2  
  28  2:30  Zergling x2  
  29  2:45  Zergling x2  
  29  2:47  Metabolic Boost  
  29  2:49  Zergling x2  
  29  2:50  Overlord  
  31  2:52  Zergling x2  
  32  3:03  Drone  
  29  3:22  Drone x2  
  29  3:23  Drone x2  
  29  3:24  Zergling x8  
  37  3:35  Zergling x4  
  37  3:38  Drone  
  37  3:39  Baneling Nest  
  39  3:48  Zergling x4  
  34  4:02  Zergling x2  
  34  4:03  Zergling x2  
  34  4:04  Zergling x6  
  34  4:09  Queen  
  34  4:21  Drone x3  
  34  4:31  Zergling x2  
  18  4:50  Drone  
  16  5:01  Drone  
  17  5:12  Drone  
  18  5:14  Drone  
  18  5:20  Drone  
  20  5:25  Drone  
  21  5:32  Drone  
  22  5:36  Drone  
  22  5:40  Drone  
  24  5:48  Drone  
  24  5:49  Drone  
  25  5:52  Drone  
  26  6:02  Zergling x4  
  26  6:03  Drone  
  29  6:05  Drone  
  30  6:13  Drone x2  
  30  6:14  Drone  
  30  6:18  Drone  
  30  6:27  Zergling x4  
  26  6:43  Zergling x2  
  26  6:44  Zergling x6  
  25  6:52  Zergling x2  
  19  7:05  Zergling x2  
  18  7:17  Drone x2  
Show
View Real Time Build Order
Export as new Build Order

Massa Terran 

Build Orders:  

Get SALT Encoding   

  12  0:00  SCV  
  13  0:12  SCV  
  14  0:23  Supply Depot  
  14  0:24  SCV  
  15  0:36  Refinery  
  15  0:45  SCV  
  15  0:46  Barracks  
  16  0:57  SCV  
  16  1:02  Refinery  
  17  1:09  SCV  
  18  1:21  SCV  
  19  1:33  SCV  
  19  1:35  Supply Depot  
  19  1:38  Factory  
  20  1:48  Reaper  
  20  1:51  SCV  
  22  2:03  Orbital Command  
  22  2:20  Marine  
  23  2:29  Command Center  
  23  2:38  Hellion  
  23  2:40  Barracks Reactor  
  25  2:51  Starport  
  25  2:53  SCV  
  26  2:59  Hellion  
  28  3:06  SCV  
  30  3:25  Supply Depot  
  31  3:31  Starport Reactor  
  31  3:36  Hellion  
  31  3:40  Marine x2  
  33  3:43  Supply Depot  
  33  3:45  Supply Depot  
  33  3:48  Engineering Bay  
  33  3:57  Widow Mine  
  33  3:58  Marine x2  
  37  4:05  Orbital Command  
  37  4:16  Marine x2  
  39  4:34  Marine  
  38  4:44  Marine  
  37  4:50  SCV  
  37  4:51  SCV  
  37  4:52  Marine  
  36  5:02  Marine  
  36  5:03  SCV x2  
  39  5:10  Hellion  
  41  5:15  SCV x2  
  41  5:17  Marine  
  41  5:20  Marine  
  45  5:22  Factory  
  45  5:24  Medivac  
  45  5:25  Liberator  
  45  5:27  SCV  
  51  5:31  Barracks  
  51  5:32  Hellion  
  51  5:33  Barracks  
  53  5:35  SCV  
  53  5:39  SCV  
  53  5:42  Barracks  
  55  5:48  SCV  
  56  5:51  Marine x2  
  56  5:53  Hellion  
  56  5:56  Medivac  
  62  5:59  Missile Turret  
  62  6:03  Missile Turret  
  62  6:05  SCV x2  
  62  6:08  Marine  
  62  6:09  Factory Tech Lab, Marine  
  66  6:14  Widow Mine  
  66  6:17  SCV x2  
  70  6:36  Marine  
  70  6:54  Marine  
  70  6:55  Marine  
  70  7:03  Supply Depot x2  
  70  7:04  Marine, Supply Depot  
  70  7:05  Widow Mine  
  70  7:06  Marine, Supply Depot  
Tags
 
Add a new tag
Caveats
  • Supply blocks, unpowered buildings, or Contaminate may cause inaccurate times.
  • Supply counts are checked every 10 seconds.